 Seeded DCSS version 0.29.1-12-g30fa7ad0bf (webtiles) character file.

Game seed: 16245865983455551772 (custom seed)

134 hikkokomori the Conjurer (level 5, -2/31 HPs)
             Began as an Octopode Conjurer on Jan 17, 2023.
             Slain by an orc
             ... wielding a +0 trident
              (5 damage)
             ... on level 3 of the Dungeon.
             The game lasted 00:02:48 (2319 turns).

hikkokomori the Conjurer (Octopode Conjurer)        Turns: 2319, Time: 00:02:48

Health: -2/31      AC:  1    Str:  7    XL:     5   Next: 17%
Magic:  8/8        EV: 12    Int: 34    God:
Gold:   1489       SH:  6    Dex: 10    Spells: 5/8 levels left

rFire   . . .      SeeInvis .   h - +10 morningstar "Eos" {elec, Halo rElec}
rCold   . . .      Faith    .   b - +3 warlock's mirror {reflect}
rNeg    . . .      Spirit   .   (helmet restricted)
rPois   .          Reflect  +   (no amulet)
rElec   +          Harm     .   f - +6 ring of intelligence
rCorr   .          Rampage  .   g - +6 ring of intelligence
Will    .....                   (no ring)
Stlth   ++........              (no ring)
HPRegen 0.10/turn               (no ring)
MPRegen 0.11/turn               (no ring)
                                (no ring)
                                (no ring)

@: glowing
A: almost no armour, amphibious, 8 rings, camouflage 1, gelatinous body 1,
(nimble swimmer 1), tentacles
a: no special abilities


You were on level 3 of the Dungeon.
You visited 1 branch of the dungeon, and saw 3 of its levels.

You collected 1489 gold pieces.

Inventory:

Hand Weapons
 h - the +10 morningstar "Eos" (weapon) {elec, Halo rElec}
   (You acquired it on level 1 of the Dungeon)

   It occasionally discharges a powerful burst of electricity upon striking a
   foe.
   It grants its wielder a halo, revealing invisible creatures and increasing
   accuracy against all within it other than the wielder.
   rElec:     It insulates you from electricity.
Armour
 b - the +3 warlock's mirror (worn) {reflect}
   (You acquired it on level 1 of the Dungeon)

   It can block and reflect piercing ranged attacks and magical attacks against
   the wielder's willpower.
Jewellery
 f - a +6 ring of intelligence (left tentacle)
 g - a +6 ring of intelligence (right tentacle)
Wands
 m - a wand of roots (2)
Scrolls
 e - 2 scrolls of teleportation {unknown}
 j - 2 scrolls of identify {unknown}
 k - a scroll of enchant weapon {unknown}
 l - a scroll of summoning {unknown}
 n - a scroll of noise {unknown}
Potions
 a - a potion of magic
 c - 2 potions of flight {unknown}
 d - a potion of might {unknown}
 i - a potion of lignification {unknown}


   Skills:
 + Level 1.5 Maces & Flails
 - Level 2.2 Dodging
 + Level 4.4 Stealth
 + Level 1.6 Shields
 - Level 2.3 Spellcasting
 + Level 4.6 Conjurations


You had 5 spell levels left.
You knew the following spells:

 Your Spells              Type           Power      Damage    Failure   Level
a - Magic Dart            Conj           100%       1d8       1%          1
b - Searing Ray           Conj           70%        2d7       1%          2

Your spell library contained the following spells:

 Spells                   Type           Power      Damage    Failure   Level
 Sting                    Tmut/Pois      16%        1d3       8%          1
 Dazzling Flash           Conj/Hex       38%        N/A       9%          3
 Poisonous Vapours        Pois/Air       8%         N/A       12%         2
 Fulminant Prism          Conj/Hex       9%         3d7       28%         4
 Iskenderun's Mystic Bla  Conj/Tloc      19%        2d6       28%         4
 Olgreb's Toxic Radiance  Pois           4%         N/A       58%         4
 Chain Lightning          Conj/Air       9%         3d12      100%        9
 Fire Storm               Conj/Fire      9%         8d3       100%        9
 Shatter                  Erth           2%         3d6*      100%        9


Dungeon Overview and Level Annotations

Branches:
Dungeon (3/15)

Altars:

Shops:
D:3 [


Innate Abilities, Weirdness & Mutations

You cannot wear most types of armour.
You are amphibious.
You can wear up to eight rings at the same time.
Your skin changes colour to match your surroundings (Stealth+).
Your rubbery body absorbs attacks. (AC +1, EV +1)
((You are camouflaged when in or above water. (Stealth+)))
You have tentacles for arms and can constrict up to eight enemies at once.


Message History

You kill the orc!
The orc wizard points at you and mumbles some strange words.
You resist with some effort.
An orc and an orc priest come into view.
Found an escape hatch in the floor.
The orc shouts!
You hear an angry hiss.
A ball python comes into view.
Items here: ( )))) ? [[[ †.
Aiming: Fastroot
Press: ? - help, Shift-Dir - straight line, f - orc priest
Aim: an orc priest, wielding a +0 dagger (haloed)
The roots erupt in riotous growth!
Roots grab the orc priest.
Roots grab the orc wizard.
The grasping roots constrict the orc wizard.
The grasping roots constrict the orc priest.
You hear an angry hiss.
The orc priest struggles to escape constriction.
The grasping roots constrict the orc wizard.
The grasping roots constrict the orc priest.
The roots release their grip on the orc wizard.
The roots release their grip on the orc priest.
The orc priest hits you with a +0 dagger.
* * * LOW HITPOINT WARNING * * *
You puncture the orc priest!
You kill the orc priest!
You have reached level 5!
You feel stronger.
Aiming: Fastroot
Press: ? - help, Shift-Dir - straight line, f - orc wizard
Aim: an orc wizard, wielding a +0 dagger and wearing a +0 robe (moderately wounded, haloed)
The roots erupt in riotous growth!
Roots grab the orc wizard.
Roots grab the orc.
The grasping roots constrict the orc wizard.
The grasping roots constrict the orc.
You hear an angry hiss.
The orc wizard escapes!
The orc escapes!
The orc wizard hits you with a +0 dagger.
* * * LOW HITPOINT WARNING * * *
The orc hits you from afar with a +0 trident.
You die...

# ###### #. .... ..
..#
#.###.#####.##### .
#....Soo@)......#
#.
#####.###.#...#.##
#. o. #..#.#...# #.
S.# #...∩....# #.
.. #..#.#...# #. #
#.#...#..#######.
.................>
###.#.############.
...#.. .........


You could see an orc wizard, an orc and a ball python.

Vanquished Creatures
  An orc priest (D:3)
  Jessica (D:2)
  An orc wizard (D:3)
  An adder (D:2)
  4 orcs (D:3)
  2 ball pythons (D:1)
  3 bats
  4 endoplasms (D:1)
  2 goblins (D:1)
  5 hobgoblins
  4 kobolds
  3 quokkas (D:1)
  3 frilled lizards
  5 rats
39 creatures vanquished.

Notes
Turn   | Place    | Note
-------+----------+-------------------------------------------
     0 | D:1      | hikkokomori the Octopode Conjurer began the quest for the
                  | Orb.
     0 | D:1      | Reached XP level 1. HP: 11/11 MP: 3/3
   368 | D:1      | Found a faded altar of an unknown god.
   392 | D:1      | Reached XP level 2. HP: 17/17 MP: 0/5
  1210 | D:1      | Reached XP level 3. HP: 21/21 MP: 2/6
  1261 | D:1      | Identified 3 scrolls of acquirement
  1261 | D:1      | Acquired the +10 morningstar "Eos" {elec, Halo rElec}
  1261 | D:1      | Found the +10 morningstar "Eos" {elec, Halo rElec}
  1263 | D:1      | Acquired 1367 gold pieces
  1265 | D:1      | Acquired the +3 warlock's mirror {reflect}
  1265 | D:1      | Found the +3 warlock's mirror {reflect}
  1270 | D:1      | Learned a level 2 spell: Searing Ray
  1605 | D:2      | Noticed Jessica
  1609 | D:2      | Killed Jessica
  1610 | D:2      | Reached XP level 4. HP: 23/27 MP: 7/7
  2181 | D:3      | Reached skill level 1 in Shields
  2291 | D:3      | Found Ymmy Ciutu's Antique Armour Shoppe.
  2308 | D:3      | Reached skill level 1 in Maces & Flails
  2318 | D:3      | Reached XP level 5. HP: 6/31 MP: 8/8
  2319 | D:3      | Slain by an orc

Illustrated notes

Levels and vault maps discovered:
D:1:      minmay_arrival_hallway, layout_loops_corners, basic_ecumenical_altar,
          minmay_unequal
D:2:      layout_loops_ring, uniq_jessica
D:3:      layout_basic, serial_shops, nicolae_shop_advertising_works
          [nicolae_subvault_shop_adworks], minmay_shallow_snake_nest,
          uniq_natasha

Skill      XL: |  1  2  3  4 |
---------------+-------------+-----
Stealth        | 3 4 |  4.4
Shields        | 1 |  1.6
Maces & Flails | 1 |  1.5
Dodging        | |  2.2
Spellcasting   | |  2.3
Conjurations   | |  4.6

Action                   |  1- 3 |  4- 6 || total
-------------------------+-------+-------++-------
Melee: Unarmed           |     3 |       ||     3
       Tentacles         |     1 |     2 ||     3
       Constrict         |     3 |     2 ||     5
       Morningstar       |     5 |    22 ||    27
 Cast: Magic Dart        |    33 |       ||    33
Evoke: Wand              |       |     2 ||     2
  Use: Scroll            |     3 |       ||     3
 Stab: Sleeping          |       |     1 ||     1
Armor: Skin              |     2 |       ||     2
Dodge: Dodged            |     1 |     4 ||     5
Block: Buckler           |       |     4 ||     4
